 Dungeon Crawl Stone Soup version 0.17.1-1-g73c8601 (webtiles) character file.

128 LordLurifax the Chiller (level 4, 0/33 HPs)
             Began as a Draconian Ice Elementalist on Jan 7, 2016.
             Slain by Grinder (6 damage)
             ... on level 2 of the Dungeon.
             The game lasted 00:33:51 (1921 turns).

LordLurifax the Chiller (DrIE)                      Turns: 1921, Time: 00:33:51

Health: 0/33       AC: 15    Str: 10    XL:     4   Next: 87%
Magic:  4/7        EV: 15    Int: 17    God:
Gold:   69         SH:  0    Dex: 11    Spells: 3 memorised, 2 levels left

rFire  . . .     SeeInvis .     l - +2 short sword (protect)
rCold  . . .     Clarity  .     (armour unavailable)
rNeg   . . .     SustAt   .     (no shield)
rPois  .         Gourm    .     (helmet restricted)
rElec  .         Spirit   .     (no cloak)
rCorr  .         Warding  .     (no gloves)
rMut   .         Stasis   .     (no boots)
MR     .....                    (no amulet)
Stlth  ++........               (no ring)
                                h - +3 ring of evasion

@: icy armour, not resistant to hostile enchantments, unstealthy
A: unfitting armour, cold-blooded, AC +5
a: no special abilities


You were on level 2 of the Dungeon.
You were not hungry.

You visited 1 branch of the dungeon, and saw 3 of its levels.

You collected 69 gold pieces.

Inventory:

Hand Weapons
 j - a +0 spear
 k - a +0 hunting sling
 l - a +2 short sword of protection (weapon)
Missiles
 b - a throwing net
 c - 48 sling bullets
 e - 26 stones (quivered)
 f - 33 arrows
 i - 17 bolts
 p - 7 poisoned needles
Jewellery
 h - a +3 ring of evasion (left hand)
Wands
 q - a wand of flame (22)
Scrolls
 d - a scroll of recharging {unknown}
 g - a scroll of enchant armour
 n - 3 scrolls of remove curse {unknown}
 o - a scroll of enchant weapon {unknown}
 s - a scroll of identify
Potions
 m - a potion of brilliance
Books
 a - a book of Frost

   Spells                             Type                      Level
   a - Freeze                         Ice                          1
   b - Throw Frost                    Conjuration/Ice              2
   c - Ozocubu's Armour               Charms/Ice                   3
   d - Throw Icicle                   Conjuration/Ice              4
   e - Summon Ice Beast               Ice/Summoning                4
   f - Condensation Shield            Ice                          4


   Skills:
 + Level 0.2 Fighting
 + Level 0.4 Short Blades
 + Level 1.7 Slings
 + Level 2.2 Dodging
 + Level 1.9 Stealth
 + Level 2.6 Spellcasting
 + Level 1.7 Conjurations
 + Level 4.0 Ice Magic


You had 2 spell levels left.
You knew the following spells:

 Your Spells              Type           Power        Failure   Level  Hunger
a - Freeze                Ice            ###.         3%          1    #......
b - Throw Frost           Conj/Ice       ##....       10%         2    ##.....
c - Ozocubu's Armour      Chrm/Ice       #.......     24%         3    ###....


Dungeon Overview and Level Annotations

Branches:
Dungeon (3/15)

Altars:
Ru

Annotations:
D:2 Grinder


Innate Abilities, Weirdness & Mutations

Your plain brown scales are hard (AC +5).
Your body does not fit into most forms of armour.
You are cold-blooded and may be slowed by cold attacks.


Message History

Press: ? - help, Shift-Dir - straight line, f/p - Grinder
Aim: Grinder (moderately wounded)
You shoot a sling bullet.
The sling bullet closely misses Grinder.
Wield which item (- for none, * to show all)? (? for menu, Esc to quit)
You feel protected!
l - a +2 short sword of protection (weapon)
Grinder gestures at you.
You suddenly lose the ability to move!
Grinder gestures at you. Pain shoots through your body!
* * * LOW HITPOINT WARNING * * *
Grinder hits you but does no damage. x3
You can move again.
Casting: Freeze
Confirm with . or Enter, or press ? or * to list all spells.
A film of ice covers your body! Grinder hits you.
* * * LOW HITPOINT WARNING * * *
You writhe in agony.
You die...

###### .....####
........# ........#
...#....#
...#....#############
...'.....(....>5@...#
...#######.###.####.#
...'..# #.# #.# #[#
.#########.# #.# #.#
##..###..#####.# #.#
###.##.##.##...# #.#
.#.##.##.#_#.######.#
#.##.##.####.'....#.#
##..###..##..####.#.#


You could see Grinder.

Vanquished Creatures
  4 adders
  4 gnolls (D:2)
  An ooze (D:2)
  3 worms (D:2)
  3 goblins (D:1)
  6 hobgoblins
  3 bats
  5 giant cockroaches
  2 giant geckos (D:2)
  5 kobolds
  10 rats
46 creatures vanquished.

Notes
Turn   | Place    | Note
--------------------------------------------------------------
     0 | D:1      | LordLurifax the Draconian Ice Elementalist began the quest for the Orb.
     0 | D:1      | Reached XP level 1. HP: 14/14 MP: 3/3
   343 | D:1      | Reached XP level 2. HP: 10/20 MP: 0/5
   397 | D:1      | Learned a level 2 spell: Throw Frost
   758 | D:1      | Reached XP level 3. HP: 20/26 MP: 0/6
   968 | D:2      | Reached skill level 1 in Slings
  1128 | D:2      | Reached XP level 4. HP: 29/33 MP: 3/7
  1221 | D:2      | Reached skill level 4 in Ice Magic
  1304 | D:2      | Learned a level 3 spell: Ozocubu's Armour
  1852 | D:2      | Found a sacrificial altar of Ru.
  1894 | D:3      | Noticed Grinder
  1915 | D:2      | Paralysed by Grinder for 5 turns
  1921 | D:2      | Slain by Grinder

Action                   |  1- 3 |  4- 6 || total
-------------------------+-------+-------++-------
Melee: Unarmed           |     1 |       ||     1
       Short sword       |    17 |    16 ||    33
 Fire: Hunting sling     |    50 |    34 ||    84
Throw: Stone             |     3 |     5 ||     8
 Cast: Freeze            |    22 |    11 ||    33
       Throw Frost       |     8 |    12 ||    20
       Ozocubu's Armour  |       |     2 ||     2
  Use: Scroll            |     5 |     1 ||     6
       Potion            |     2 |     3 ||     5
 Stab: Sleeping          |       |     1 ||     1
  Eat: Bread ration      |     1 |       ||     1
       Beef jerky        |       |     1 ||     1
